 Dungeon Crawl Stone Soup version 0.19-a0-965-g50bf062 (webtiles) character file.

9127 HAL9000 the Bludgeoner (level 11, -5/109 HPs)
             Began as an Ogre Hunter on July 12, 2016.
             Was an Elder of Makhleb.
             Slain by a porcupine (12 damage)
             ... on level 1 of the Lair of Beasts.
             The game lasted 00:23:32 (8870 turns).

HAL9000 the Bludgeoner (Ogre Hunter)                Turns: 8870, Time: 00:23:33

Health: -5/109     AC:  7    Str: 21    XL:     11   Next: 41%
Magic:  11/11      EV: 15    Int: 10    God:    Makhleb [****..]
Gold:   363        SH:  0    Dex: 11    Spells: 0 memorised, 10 levels left

rFire  + . .     SeeInvis .     R - +0 giant spiked club
rCold  + + .     Gourm    .     n - +2 robe {rC+ rF+}
rNeg   . . .     Faith    .     (shield currently unavailable)
rPois  .         Spirit   .     (helmet restricted)
rElec  .         Dismiss  .     u - +1 cloak
rCorr  .         Reflect  .     (gloves unavailable)
SustAt .         Harm     .     (boots unavailable)
MR     +....                    (no amulet)
Stlth  +.........               r - ring of protection from cold
                                l - +3 ring of evasion

@: somewhat resistant to hostile enchantments, very unstealthy
A: unfitting armour, tough skin 1
a: Minor Destruction, Lesser Servant of Makhleb, Major Destruction, Renounce
Religion


You were on level 1 of the Lair of Beasts.
You worshipped Makhleb.
Makhleb was greatly pleased with you.
You were not hungry.

You visited 3 branches of the dungeon, and saw 10 of its levels.

You collected 363 gold pieces.

Inventory:

Hand Weapons
 s - a +1 whip of electrocution
 R - a +0 giant spiked club (weapon)
Missiles
 c - 2 large rocks (quivered)
 d - 2 throwing nets
Armour
 n - a +2 robe of resistance (worn)
 u - a +1 cloak (worn)
Jewellery
 l - a +3 ring of evasion (left hand)
 r - a ring of protection from cold (right hand)
 v - an uncursed ring of see invisible
Wands
 t - a wand of digging (11/24)
 M - a wand of slowing (31/48)
 P - a wand of disintegration (12/24)
 Z - a wand of enslavement (14/24)
Scrolls
 i - 4 scrolls of identify
 z - a scroll of fear
 E - a scroll of enchant armour
 F - 3 scrolls of remove curse
 I - 2 scrolls of teleportation
 S - a scroll of silence
 X - a scroll of magic mapping
Potions
 h - 4 potions of curing
 w - 2 potions of berserk rage
 C - a potion of agility
 H - a potion of cure mutation
 N - a potion of brilliance
 U - a potion of ambrosia
Books
 A - a book of Debilitation

   Spells                             Type                      Level
   a - Corona                         Hexes                        1
   b - Slow                           Hexes                        2
   c - Gell's Gravitas                Hexes/Translocation          3
   d - Inner Flame                    Hexes/Fire                   3
   e - Cause Fear                     Hexes                        4
   f - Leda's Liquefaction            Hexes/Earth                  4
 J - a book of the Dragon

   Spells                             Type                      Level
   a - Flame Tongue                   Conjuration/Fire             1
   b - Cause Fear                     Hexes                        4
   c - Bolt of Fire                   Conjuration/Fire             6
   d - Dragon Form                    Transmutation                7
   e - Dragon's Call                  Summoning                    9
Comestibles
 f - 8 bread rations
 m - 3 beef jerkies
 V - 2 meat rations
 Y - 4 chunks of flesh


   Skills:
 - Level 7.5 Fighting
 + Level 18.7 Maces & Flails
 - Level 4.0 Throwing
 - Level 5.1 Dodging
 - Level 0.7 Stealth


You had 10 spell levels left.
You didn't know any spells.

Dungeon Overview and Level Annotations

Branches:
Dungeon (8/15)             Temple (1/1) D:6            Lair (1/6) D:8

Altars:
Ashenzari
Cheibriados
Dithmenos
Elyvilon
Gozag
Hepliaklqana
Kikubaaqudgha
Makhleb
Nemelex Xobeh
Okawaru
Pakellas
Ru
Sif Muna
Trog
Uskayaw
Vehumet
Xom
Yredelemnul
Zin
The Shining One


Innate Abilities, Weirdness & Mutations

You are too large for most types of armour.
You have tough skin. (AC +1)


Message History

The porcupine bites you but does no damage.
You are too injured to fight recklessly!
You are too injured to fight recklessly!
You hit the porcupine.
The porcupine is lightly wounded.
The porcupine completely misses you.
You closely miss the porcupine.
The porcupine is lightly wounded.
The porcupine bites you.
* * * LOW HITPOINT WARNING * * *
You hit the porcupine.
The porcupine is lightly wounded.
The porcupine bites you!
* * * LOW HITPOINT WARNING * * *
You are struck by the porcupine's spines.
* * * LOW HITPOINT WARNING * * *
You barely miss the porcupine.
The porcupine is lightly wounded.
The porcupine bites you!
You die...

#. #.........## .
#.. #........##
#..#.. +..##P####
#......#..####
#..#...#..# .
#..#......#####.>
#...##+#.........
#..............#.
#.....†..@r.....#
#..######+#....##
#.#..............
+.##....#....P.
#......#...#.
#....?. ...#
#....... ....
+......# ...
+......# ...


You could see a porcupine.

Vanquished Creatures
  The ghost of tstbtto the Carver, a novice MiFi of Okawaru (D:7)
  A hill giant (D:6)
  A komodo dragon (Lair:1)
  Sigmund (D:2)
  Eustachio (D:6)
  19 yaks
  A hippogriff (D:8)
  A basilisk (D:8)
  A hungry ghost (D:8)
  A water moccasin (D:7)
  9 porcupines
  An orc warrior (D:6)
  2 phantoms (D:7)
  A wasp (D:8)
  2 ice beasts
  3 wolves (Lair:1)
  A centaur (D:7)
  4 ogres
  5 crocodiles
  2 big kobolds (D:8)
  3 giant frogs
  A wyvern skeleton (D:7)
  10 killer bees
  2 howler monkeys (D:7)
  A jelly (D:8)
  2 giant frog zombies
  4 hounds
  An orc priest (D:8)
  2 giant frog skeletons
  5 orc wizards
  3 iguanas
  Ijyb (D:3)
  3 worker ants
  A killer bee zombie (D:8)
  A hound skeleton (D:3)
  4 gnolls (D:8)
  A worker ant zombie (D:3)
  6 adders
  14 river rats
  3 shadow imps
  2 oozes
  2 adder zombies
  A worm (D:2)
  A dart slug (D:1)
  2 giant geckos
  18 orcs
  A ball python (D:2)
  4 bats
  3 giant cockroaches
  15 goblins
  6 hobgoblins
  26 jackals
  10 kobolds
  5 quokkas
  A ball python skeleton (D:4)
  A giant gecko skeleton (D:7)
  6 giant newts
  A jackal zombie (D:5)
  2 quokka zombies (D:6)
  10 rats
243 creatures vanquished.

Vanquished Creatures (others)
  4 fungi (D:8)
  4 plants (D:8)
8 creatures vanquished.

Grand Total: 251 creatures vanquished

Notes
Turn   | Place    | Note
-------+----------+-------------------------------------------
     0 | D:1      | HAL9000 the Ogre Hunter began the quest for the Orb.
     0 | D:1      | Reached XP level 1. HP: 22/22 MP: 1/1
   174 | D:1      | Reached skill level 1 in Maces & Flails
   213 | D:1      | Reached XP level 2. HP: 25/29 MP: 2/2
   232 | D:1      | Reached skill level 2 in Maces & Flails
   584 | D:1      | Reached XP level 3. HP: 36/36 MP: 3/3
   602 | D:1      | Reached skill level 3 in Maces & Flails
  1126 | D:2      | Reached skill level 4 in Maces & Flails
  1162 | D:2      | Reached XP level 4. HP: 44/44 MP: 4/4
  1282 | D:2      | Noticed Sigmund
  1286 | D:2      | Killed Sigmund
  1286 | D:2      | Reached skill level 7 in Maces & Flails
  1286 | D:2      | Reached XP level 5. HP: 49/52 MP: 5/5
  1286 | D:2      | Reached XP level 6. HP: 55/59 MP: 6/6
  1828 | D:3      | Noticed Ijyb
  1843 | D:3      | Killed Ijyb
  1843 | D:3      | Reached skill level 8 in Maces & Flails
  2579 | D:5      | Entered Level 5 of the Dungeon
  2579 | D:5      | Noticed an ice beast
  2711 | D:5      | Got a pitted whip
  2712 | D:5      | Identified the cursed +0 whip of Gozag's Brutal Revenge {pain, +Inv +Fly rElec Dex-3} (You found it on level 5 of the Dungeon)
  2741 | D:5      | Killed an ice beast
  2741 | D:5      | Reached XP level 7. HP: 61/67 MP: 7/7
  2956 | D:5      | Found a glowing golden altar of the Shining One.
  3117 | D:5      | Reached skill level 9 in Maces & Flails
  3327 | D:6      | Found a staircase to the Ecumenical Temple.
  3585 | D:6      | Found a hazy altar of Hepliaklqana.
  3617 | D:6      | Reached XP level 8. HP: 52/79 MP: 8/8
  3792 | D:6      | Reached skill level 5 in Fighting
  3792 | D:6      | Reached skill level 10 in Maces & Flails
  3952 | D:6      | Noticed a hill giant
  4002 | D:6      | Killed a hill giant
  4002 | D:6      | Reached skill level 11 in Maces & Flails
  4275 | D:6      | Noticed Eustachio
  4280 | D:6      | Killed Eustachio
  4410 | D:7      | Reached XP level 9. HP: 80/92 MP: 9/9
  4574 | D:7      | Noticed tstbtto's ghost (novice MiFi)
  4710 | D:6      | Reached skill level 12 in Maces & Flails
  4856 | Temple   | Entered the Ecumenical Temple
  5020 | Temple   | Became a worshipper of Makhleb the Destroyer
  5119 | D:7      | Reached skill level 5 in Dodging
  5636 | D:7      | HP: 1/93 [tstbtto's ghost (16)]
  6118 | D:7      | Reached skill level 13 in Maces & Flails
  6294 | D:7      | Killed tstbtto's ghost
  6294 | D:7      | Reached skill level 14 in Maces & Flails
  6294 | D:7      | Reached XP level 10. HP: 66/102 MP: 10/10
  6380 | D:7      | Reached * piety under Makhleb
  6712 | D:8      | Reached skill level 15 in Maces & Flails
  6902 | D:8      | Reached skill level 16 in Maces & Flails
  7067 | D:8      | Reached ** piety under Makhleb
  7277 | D:8      | Found a staircase to the Lair.
  7287 | D:8      | Reached skill level 17 in Maces & Flails
  7382 | D:8      | HP: 3/102 [porcupine's spines (11)]
  7388 | D:8      | Reached XP level 11. HP: 9/109 MP: 11/11
  8012 | D:8      | Reached *** piety under Makhleb
  8342 | D:8      | Found an iron altar of Okawaru.
  8453 | Lair:1   | Entered Level 1 of the Lair of Beasts
  8490 | D:8      | Reached skill level 18 in Maces & Flails
  8832 | Lair:1   | Reached **** piety under Makhleb
  8870 | Lair:1   | Slain by a porcupine

Vault maps used:
D:1:      mainiacjoe_arrival_reflecting_pool
D:2:      uniq_sigmund
D:3:      kennysheep_goblin_castle, serial_undead, serial_undead_d,
          serial_undead_a, serial_undead_d, serial_undead_f, serial_undead_f,
          serial_undead_e
D:4:      first_bread
D:5:      basic_altar, serial_park_tiny_1, corexii_hall_statues_i,
          minmay_misc_feat_iff
D:6:      old_standard_altar, minmay_fountain_box, minmay_misc_feat_square,
          uniq_eustachio
D:8:      kennysheep_little_box, minmay_lair_entry_grove
Temple:   regret_index_temple_mists
Lair:1:   lab_entry_generic, serial_bayou_shore_b, grunt_megastairs_5

Skill      XL: |  1  2  3  4  5  6  7  8  9 10 11 |
---------------+----------------------------------+-----
Dodging        | 2 3 4 5 |  5.1
Maces & Flails | 1 2 4 7 8 9 11 14 17 18 | 18.7
Fighting       | 3 4 6 7 |  7.5
Throwing       | |  4.0
Stealth        | |  0.7

Action                   |  1- 3 |  4- 6 |  7- 9 | 10-12 || total
-------------------------+-------+-------+-------+-------++-------
Melee: Club              |    29 |       |       |       ||    29
       Short sword       |     7 |       |       |       ||     7
       Whip              |    49 |   121 |   254 |   301 ||   725
       Giant spiked club |       |       |    10 |    74 ||    84
Throw: Large rock        |       |     8 |    20 |     9 ||    37
       Throwing net      |       |       |     2 |     1 ||     3
Invok: Minor Destruction |       |       |       |     1 ||     1
       Lesser Servant of |       |       |       |     1 ||     1
Evoke: Wand              |       |       |     2 |       ||     2
  Use: Scroll            |       |     6 |    12 |     1 ||    19
       Potion            |       |       |     3 |     1 ||     4
 Stab: Sleeping          |     2 |     1 |       |       ||     3
       Distracted        |       |     1 |       |     1 ||     2
       Held in net/web   |       |       |       |     2 ||     2
  Eat: Chunk             |     1 |     5 |    11 |    12 ||    29
Armor: Robe              |    31 |    30 |    38 |    53 ||   152
Dodge: Dodged            |    52 |    65 |   143 |   142 ||   402
